 Dungeon Crawl Stone Soup version 0.29.1-12-g30fa7ad0bf (webtiles) character file.

Game seed: 8562999705376553025

275 javelincjr the Conjurer (level 6, 0/32 HPs)
             Began as a Deep Elf Conjurer on Jan 7, 2023.
             Splashed by a jelly's acid (5 damage)
             ... on level 3 of the Dungeon.
             The game lasted 00:15:20 (3006 turns).

javelincjr the Conjurer (Deep Elf Conjurer)         Turns: 3006, Time: 00:15:21

Health: 0/32       AC:  6    Str: 12    XL:     6   Next: 3%
Magic:  11/14      EV: 13    Int: 23    God:
Gold:   263        SH:  0    Dex: 17    Spells: 7/14 levels left

rFire   . . .      SeeInvis .   z - +4 rapier "Dimoav" {venom, rPois Dex+4}
rCold   + . .      Faith    .   (no shield)
rNeg    . . .      Spirit   .   a - +0 robe
rPois   +          Reflect  .   (no helmet)
rElec   .          Harm     .   x - +0 cloak
rCorr   .          Rampage  .   h - +1 pair of gloves
Will    .....                   n - +0 pair of boots
Stlth   +++.......              (no amulet)
HPRegen 0.10/turn               A - ring of protection from cold
MPRegen 0.14/turn               C - +6 ring of strength

@: no status effects
A: no striking features
a: no special abilities


You were on level 3 of the Dungeon.
You visited 1 branch of the dungeon, and saw 4 of its levels.

You collected 263 gold pieces.

Inventory:

Hand Weapons
 c - a +0 dagger
 r - a +2 dagger of freezing
 w - a +3 quarterstaff of chaos
 y - the +8 hammer of Beogh's Righteous Fury {flame, rElec rF- Int+2}
   (You found it on level 3 of the Dungeon)

   It burns those it strikes, dealing additional fire damage.
   Int:       It affects your intelligence (+2).
   rF:        It makes you vulnerable to fire.
   rElec:     It insulates you from electricity.
 z - the +4 rapier "Dimoav" (weapon) {venom, rPois Dex+4}
   (You found it on level 3 of the Dungeon)

   It poisons the flesh of those it strikes.
   Dex:       It affects your dexterity (+4).
   rPois:     It protects you from poison.
Armour
 a - a +0 robe (worn)
 h - a +1 pair of gloves (worn)
 n - a +0 pair of boots (worn)
 x - a +0 cloak (worn)
Magical Staves
 l - a staff of poison
Jewellery
 s - an amulet of faith
 A - a ring of protection from cold (left hand)
 C - a +6 ring of strength (right hand)
 D - a ring of protection from fire
Wands
 t - a wand of flame (5)
 B - a wand of paralysis (10)
Scrolls
 d - 3 scrolls of identify {unknown}
 g - a scroll of immolation {unknown}
 i - 2 scrolls of blinking {unknown}
 m - a scroll of fear {unknown}
 o - a scroll of vulnerability {unknown}
 q - a scroll of fog {unknown}
 v - a scroll of amnesia {unknown}
Potions
 b - a potion of magic
 e - 2 potions of attraction {unknown}
 f - a potion of curing {unknown}
 j - 2 potions of heal wounds {unknown}
 k - a potion of haste {unknown}
 p - a potion of might {unknown}
 u - a potion of berserk rage {unknown}


   Skills:
 + Level 0.6 Short Blades
 + Level 3.2 Dodging
 + Level 3.4 Stealth
 + Level 4.6 Spellcasting
 + Level 6.7 Conjurations


You had 7 spell levels left.
You knew the following spells:

 Your Spells              Type           Power      Damage    Failure   Level
a - Magic Dart            Conj           100%       1d8       1%          1
b - Searing Ray           Conj           72%        2d7       1%          2
c - Fulminant Prism       Conj/Hex       10%        3d9       24%         4

Your spell library contained the following spells:

 Spells                   Type           Power      Damage    Failure   Level
 Dazzling Flash           Conj/Hex       40%        N/A       8%          3
 Iskenderun's Mystic Bla  Conj/Tloc      20%        2d6       24%         4


Dungeon Overview and Level Annotations

Branches:
Dungeon (4/15)
 Temple: D:4-7

Altars:
Ashenzari
Gozag
Qazlal
Ru


Message History

* * * LOW HITPOINT WARNING * * *
The jelly hits you but does no damage. The jelly attacks as you move away!
The jelly misses you.
The orc wizard gestures wildly while chanting.
The orc wizard flickers and vanishes!
Deactivating autopickup; reactivate with Ctrl-A.
The jelly attacks as you move away! The jelly hits you but does no damage.
The giant cockroach closely misses you. The jelly hits you but does no damage.
The giant cockroach attacks as you move away!
The giant cockroach bites you but does no damage.
The jelly completely misses you. The jelly attacks as you move away!
The jelly misses you. The giant cockroach barely misses you.
You feel less confused. The giant cockroach barely misses you.
The jelly jiggles.
The jelly barely misses you.
The giant cockroach attacks as you move away!
The giant cockroach bites you.
* * * LOW HITPOINT WARNING * * *
There is a stone staircase leading up here.
The giant cockroach closely misses you. The jelly hits you but does no damage.
You climb upwards.
Reactivating autopickup.
There is a stone staircase leading down, spattered with blood here.
Things that are here:
a +0 robe; a +0 dagger
Casting: Magic Dart (safe; 1% risk of failure)
Confirm with . or Enter, or press ? or * to list all spells.
Okay, then.
You barely miss the giant cockroach.
The giant cockroach bites you but does no damage.
The jelly barely misses you.
The giant cockroach bites you but does no damage.
You hit the giant cockroach.
The giant cockroach is poisoned.
The giant cockroach is moderately wounded.
The giant cockroach bites you but does no damage.
The jelly misses you.
You hit the jelly.
Your hands burn!
You die...

...........#.....#
................##
.......####..####
.......###.(....###
.......#....>.....##
.........#.รท.......##
...>..###...........#
...............B....#
...........[...J@...#
...................##
.......###........##
.....### #......###
....## ######## .....#
...#.## ...#..###
...##...####


You could see a jelly and a giant cockroach (very poisoned).

Vanquished Creatures
  A scorpion (D:4)
  A jelly (D:3)
  Crazy Yiuf (D:3)
  Jessica (D:3)
  Natasha (D:2)
  6 adders
  An ufetubus (D:3)
  A dart slug (D:1)
  2 orcs (D:4)
  4 endoplasms
  2 giant cockroaches
  7 goblins
  3 hobgoblins
  3 jackals (D:3)
  4 quokkas
  7 ball pythons
  5 kobolds
  5 rats (D:1)
55 creatures vanquished.

Notes
Turn   | Place    | Note
-------+----------+-------------------------------------------
     0 | D:1      | javelincjr the Deep Elf Conjurer began the quest for the
                  | Orb.
     0 | D:1      | Reached XP level 1. HP: 10/10 MP: 6/6
   348 | D:1      | Reached XP level 2. HP: 15/15 MP: 4/8
   713 | D:1      | Reached skill level 5 in Conjurations
   977 | D:2      | Reached XP level 3. HP: 16/19 MP: 5/9
  1167 | D:2      | Learned a level 2 spell: Searing Ray
  1410 | D:2      | Noticed Natasha
  1416 | D:2      | Killed Natasha
  1417 | D:2      | Reached XP level 4. HP: 24/24 MP: 4/11
  1707 | D:3      | Found an opulent altar of Gozag.
  1710 | D:3      | Found a stormy altar of Qazlal.
  1740 | D:3      | Found a sacrificial altar of Ru.
  1801 | D:3      | Found a broken altar of Ashenzari.
  1855 | D:3      | Found a runed translucent door.
  1856 | D:3      | Noticed Crazy Yiuf
  1863 | D:3      | Killed Crazy Yiuf
  1864 | D:3      | Reached skill level 6 in Conjurations
  1874 | D:3      | Identified the +8 hammer of Beogh's Righteous Fury {flame,
                  | rElec rF- Int+2}
  2028 | D:3      | Identified the +4 rapier "Dimoav" {venom, rPois Dex+4}
  2041 | D:3      | Noticed Jessica
  2047 | D:3      | Killed Jessica
  2048 | D:3      | Reached XP level 5. HP: 28/28 MP: 11/13
  2448 | D:4      | Noticed a phantom
  2745 | D:4      | Reached XP level 6. HP: 19/32 MP: 14/14
  2981 | D:4      | Learned a level 4 spell: Fulminant Prism
  3006 | D:3      | Splashed by a jelly's acid

Illustrated notes

Levels and vault maps discovered:
D:1:      dpeg_arrival_ratfight, layout_loops_ring, chequers_mini_garden
D:2:      layout_loops_ring, uniq_natasha
D:3:      layout_rooms, mainiacjoe_overflow_small_starburst,
          nicolae_overflow_hidden_temple, minmay_crystal_water,
          minmay_distorted, uniq_crazy_yiuf_cottage, uniq_jessica
D:4:      layout_gridville, gammafunk_ghost_cemetery, kennysheep_generic_room_5

Skill      XL: |  1  2  3  4  5 |
---------------+----------------+-----
Conjurations   | 5 6 |  6.7
Stealth        | 3 |  3.4
Spellcasting   | 4 |  4.6
Dodging        | 3 |  3.2
Short Blades   | |  0.6

Action                   |  1- 3 |  4- 6 || total
-------------------------+-------+-------++-------
Melee: Dagger            |     1 |     2 ||     3
       Staff             |     4 |       ||     4
       Rapier            |       |    40 ||    40
 Cast: Magic Dart        |    36 |    17 ||    53
       Searing Ray       |     5 |     4 ||     9
 Stab: Sleeping          |       |     1 ||     1
Armor: Robe              |     4 |    37 ||    41
Dodge: Dodged            |     5 |    81 ||    86
